 Dungeon Crawl Stone Soup version 0.32-a0-411-g744942f433 (webtiles) character file.

Game seed: 1642641668219002151

1181 jasper the Spear-Bearer (level 8, 0/56 HPs)
             Began as a Coglin Gladiator on Feb 20, 2024.
             Was a Follower of Cheibriados.
             Slain by a centaur (1 damage)
             ... on level 6 of the Dungeon.
             The game lasted 00:09:03 (4279 turns).

jasper the Spear-Bearer (Coglin Gladiator)          Turns: 4279, Time: 00:09:03

Health: 0/56       AC: -2    Str: 20    XL:     8   Next: 42%
Magic:  8/8        EV: 11    Int:  9    God:    Cheibriados [*.....]
Gold:   348        SH:  0    Dex: 23    Spells: 5/7 levels left

rFire   . . .        a - +0 trident {Nodoka}
rCold   + . .        h - +0 hand axe {Kun}
rNeg    . . .        p - +2 scale mail {rC+}
rPois   .            c - +0 helmet
rElec   .            (no cloak)
rCorr   .            (no gloves)
SInv    .            i - +0 pair of boots
Will    .....        (no amulet)
Stlth   +            j - +6 ring of dexterity
HPRegen 0.29/turn    (no ring)
MPRegen 0.11/turn

%: no passive effects
@: corroded, immotile, revved, very slow
A: off-hand wielding, slow wielding, warmup strikes, legs shutdown
a: Renounce Religion, Bend Time


You were on level 6 of the Dungeon.
You worshipped Cheibriados.
Cheibriados was aware of your devotion.
You visited 2 branches of the dungeon, and saw 7 of its levels.

You collected 348 gold pieces.

Inventory:

Hand Weapons
 a - a +0 trident (weapon) {Nodoka}
 g - a +0 mace
 h - a +0 hand axe (offhand) {Kun}
Missiles
 d - 2 throwing nets
 e - 3 javelins
 m - 6 poisoned darts
 o - 27 stones (quivered)
Armour
 b - a +0 leather armour
 c - a +0 helmet (worn)
 i - a +0 pair of boots (worn)
 n - a +0 pair of boots
 p - a +2 scale mail of cold resistance (worn)
 q - a +0 ring mail
Jewellery
 j - a +6 ring of dexterity (left grasper)
 x - a ring of flight
Wands
 r - a wand of roots (2)
 u - a wand of flame (16)
Scrolls
 f - 2 scrolls of summoning
 k - 2 scrolls of teleportation
 t - a scroll of enchant armour
 w - a scroll of identify
 y - a scroll of fear {unknown}
Potions
 l - 2 potions of enlightenment
 s - 2 potions of curing
 v - a potion of ambrosia {unknown}


   Skills:
 - Level 2.0 Fighting
 + Level 9.4 Polearms
 - Level 1.7 Throwing
 - Level 2.6 Dodging


You had 5 spell levels left.
You knew the following spells:

 Your Spells              Type           Power      Damage    Failure   Level
a - Blink                 Tloc           0%         N/A       88%         2

Your spell library contained the following spells:

 Spells                   Type           Power      Damage    Failure   Level
 Kiss of Death            Conj/Necr      0%         2d5       77%         1
 Magic Dart               Conj           0%         1d3       77%         1
 Sandblast                Erth           0%         2d4       77%         1
 Call Imp                 Summ           0%         N/A       88%         2
 Sublimation of Blood     Necr           0%         N/A       88%         2
 Confusing Touch          Hex            0%         N/A       98%         3
 Passwall                 Erth           0%         N/A       98%         3
 Stone Arrow              Conj/Erth      0%         3d7       98%         3
 Brom's Barrelling Bould  Conj/Erth      0%         2d3       100%        4
 Dispel Undead            Necr           0%         3d6       100%        4
 Summon Hydra             Summ           0%         N/A       100%        7


Dungeon Overview and Level Annotations

Branches:
Dungeon (6/15)             Temple (1/1) D:5

Altars:
Ashenzari
Cheibriados
Dithmenos
Elyvilon
Fedhas
Gozag
Hepliaklqana
Kikubaaqudgha
Makhleb
Nemelex Xobeh
Okawaru
Qazlal
Ru
Sif Muna
Trog
Uskayaw
Vehumet
Wu Jian
Xom
Yredelemnul
Zin
The Shining One

Shops:
D:5 (

Annotations:
D:3 1 runed translucent door, yleetSyT's ghost, amateur MfCK
D:4 Dowan


Innate Abilities, Weirdness & Mutations

You can wield a second weapon in your off-hand.
It takes a long time for you to wield or remove held weapons.
Your first few attacks do less damage.
Attacking and casting redirects power from your legs.


Message History

The centaur is moderately wounded.
You hit the centaur but do no damage. The centaur closely misses you.
The centaur kicks you.
You take 1 damage, and have 18/56 hp.
You barely miss the centaur with your +0 hand axe.
The centaur is moderately wounded.
You hit the centaur with your +0 trident.
The centaur misses you. x2
You hit the centaur but do no damage.
The centaur is heavily wounded.
You hit the centaur but do no damage. The centaur hits you.
* * * LOW HITPOINT WARNING * * *
The centaur kicks you.
* * * LOW HITPOINT WARNING * * *
You take 6 damage, and have 13/56 hp.
It was a potion of curing.
You feel better.
You are no longer unable to travel.
The centaur hits you.
* * * LOW HITPOINT WARNING * * *
The centaur barely misses you. The centaur hits you.
* * * LOW HITPOINT WARNING * * *
The centaur kicks you.
* * * LOW HITPOINT WARNING * * *
You take 3 damage, and have 10/56 hp.
Unknown command.
You closely miss the centaur with your +0 hand axe.
The centaur is heavily wounded.
You barely miss the centaur with your +0 trident.
The centaur barely misses you. x2
You hit the centaur but do no damage.
The centaur is heavily wounded.
You hit the centaur but do no damage. The centaur hits you.
* * * LOW HITPOINT WARNING * * *
The centaur kicks you.
* * * LOW HITPOINT WARNING * * *
The centaur hits you.
* * * LOW HITPOINT WARNING * * *
The centaur kicks you.
You die...
Cheibriados appreciates the motionlessness of death.

#.# #.#
####.# ##
#....# ..
#>#### #. #.#
#. #.#
...###.###.##
.......@....#
...###c###..#
#l #..# #.
#..# #. #..#
#. #..#
....##. #..#
... .. #...
...


You could see a centaur and an iguana.

Vanquished Creatures
  An ice beast (D:5)
  An ogre (D:5)
  2 phantoms
  2 scorpions (D:5)
  Blork the orc (D:6)
  A howler monkey (D:6)
  5 bombardier beetles
  2 jellies
  2 orc priests (D:3)
  An iguana (D:4)
  A sleepcap (D:6)
  3 orc wizards
  5 adders
  A shadow imp (D:5)
  2 white imps (D:5)
  2 ufetubi (D:6)
  3 dart slugs
  6 orcs
  8 endoplasms
  A giant cockroach (D:1)
  7 goblins
  5 hobgoblins
  7 quokkas
  4 ball pythons
  4 bats
  5 frilled lizards
  6 kobolds
  6 rats
94 creatures vanquished.

Notes
Turn   | Place    | Note
-------+----------+-------------------------------------------
     0 | D:1      | jasper the Coglin Gladiator began the quest for the Orb.
     0 | D:1      | Reached XP level 1. HP: 16/16 MP: 1/1
     0 | D:1      | Noticed a large abomination
     0 | D:1      | Noticed a large abomination
     1 | D:1      | Noticed a large abomination
     3 | D:1      | Noticed a large abomination
     4 | D:1      | Noticed a large abomination
     4 | D:1      | Noticed a large abomination
     6 | D:1      | Noticed a large abomination
     7 | D:1      | Noticed a large abomination
     8 | D:1      | Noticed a large abomination
     9 | D:1      | Noticed a large abomination
    11 | D:1      | Noticed a large abomination
    11 | D:1      | Noticed a large abomination
    13 | D:1      | Noticed a large abomination
    13 | D:1      | Noticed a large abomination
    15 | D:1      | Noticed a small abomination
    17 | D:1      | Noticed a large abomination
    17 | D:1      | Noticed a large abomination
    17 | D:1      | Noticed a large abomination
    19 | D:1      | Noticed a large abomination
    19 | D:1      | Noticed a large abomination
    21 | D:1      | Noticed a large abomination
    51 | D:1      | Reached skill level 3 in Polearms
    86 | D:1      | Reached XP level 2. HP: 22/22 MP: 2/2
   214 | D:1      | Reached XP level 3. HP: 15/27 MP: 3/3
   493 | D:1      | Reached skill level 4 in Polearms
   955 | D:2      | Reached XP level 4. HP: 31/33 MP: 4/4
  1086 | D:2      | Found a stormy altar of Qazlal.
  1286 | D:2      | Found a faded altar of an unknown god.
  1329 | D:2      | Prayed at the altar of an unknown god.
  1329 | D:2      | Became a worshipper of Elyvilon the Healer
  1329 | D:2      | Reached * piety under Elyvilon
  1552 | D:2      | Learned a level 2 spell: Blink
  1708 | D:3      | Reached skill level 5 in Polearms
  1708 | D:3      | Reached XP level 5. HP: 36/38 MP: 5/5
  1907 | D:3      | Found a runed translucent door.
  1967 | D:3      | Noticed yleetSyT's ghost (amateur MfCK)
  2271 | D:3      | Found a hide-covered altar of Uskayaw.
  2281 | D:3      | Found a hazy altar of Hepliaklqana.
  2457 | D:4      | Reached skill level 6 in Polearms
  2457 | D:4      | Reached XP level 6. HP: 39/44 MP: 6/6
  2500 | D:4      | Reached ** piety under Elyvilon
  2605 | D:4      | Noticed Dowan
  2629 | D:5      | Entered Level 5 of the Dungeon
  2795 | D:5      | Found Kuecumer's Weapon Emporium.
  2865 | D:5      | Noticed an ice beast
  2881 | D:5      | Killed an ice beast
  2882 | D:5      | Reached skill level 7 in Polearms
  2882 | D:5      | Reached XP level 7. HP: 42/50 MP: 7/7
  3086 | D:5      | Found a staircase to the Ecumenical Temple.
  3106 | Temple   | Entered the Ecumenical Temple
  3111 | Temple   | Fell from the grace of Elyvilon
  3111 | Temple   | Became a worshipper of Cheibriados the Contemplative
  3561 | D:5      | Reached skill level 8 in Polearms
  4002 | D:6      | Reached XP level 8. HP: 51/56 MP: 8/8
  4144 | D:6      | Reached skill level 9 in Polearms
  4245 | D:6      | Noticed Blork the orc
  4248 | D:6      | Killed Blork the orc
  4270 | D:6      | Reached * piety under Cheibriados
  4279 | D:6      | HP: 2/56 [centaur (3)]
  4279 | D:6      | Slain by a centaur

Illustrated notes

Levels and vault maps discovered:
D:1:      shiori_arrival_whats_in_store_for_you, layout_rooms,
          grunt_decor_fettered, minmay_octomino_e4
D:2:      layout_loops_ring, shapermc_ecumenical_altar_mp_highgroup, basic_altar
D:3:      layout_loops_ring, grunt_temple_overflow_open, gammafunk_ghost_grave
D:4:      layout_gridville, mainiacjoe_overflow_brackets, uniq_duvessa
D:5:      layout_layer_cave, minmay_temple_entry_tees, serial_shops, shop,
          nicolae_letterblocks [nicolae_letter_subblock,
          nicolae_letter_subblock, nicolae_letter_subblock,
          nicolae_letter_subblock, nicolae_letter_subblock,
          nicolae_letter_subblock, nicolae_letter_subblock,
          nicolae_letter_subblock, nicolae_letter_subblock,
          nicolae_letter_subblock, nicolae_letter_subblock,
          nicolae_letter_subblock, nicolae_letter_subblock,
          nicolae_letter_subblock, nicolae_letter_subblock,
          nicolae_letter_subblock, nicolae_letter_subblock,
          nicolae_letter_subblock, nicolae_letter_subblock,
          nicolae_letter_subblock, nicolae_letter_subblock,
          nicolae_letter_subblock, nicolae_letter_subblock,
          nicolae_letter_subblock, nicolae_letter_subblock]
D:6:      layout_loops_ring, uniq_blork_the_orc
Temple:   hellmonk_temple_of_storms

Skill      XL: |  1  2  3  4  5  6  7  8 |
---------------+-------------------------+-----
Polearms       | 3 4 5 6 7 8 9 |  9.4
Fighting       | |  2.0
Throwing       | |  1.7
Dodging        | |  2.6

Action                     |  1- 3 |  4- 6 |  7- 9 || total
---------------------------+-------+-------+-------++-------
  Melee: Trident           |    75 |   144 |    94 ||   313
         Hand axe          |       |    60 |    79 ||   139
  Throw: Dart              |     4 |     6 |       ||    10
         Stone             |       |     5 |    10 ||    15
         Throwing net      |       |     1 |       ||     1
  Evoke: Wand              |       |     2 |     2 ||     4
    Use: Scroll            |       |     7 |     3 ||    10
         Potion            |       |     1 |     1 ||     2
   Stab: Sleeping          |     3 |       |       ||     3
         Invisible         |       |     3 |       ||     3
 Armour: Leather armour    |    43 |     2 |       ||    45
         Ring mail         |       |    22 |       ||    22
         Scale mail        |       |    32 |    63 ||    95
  Dodge: Dodged            |    43 |    76 |    32 ||   151

Table legend: (Time is in decaauts)
 A = Elapsed time spent in this place.
 B = Non-inter-level travel time spent in this place.
 C = Inter-level travel time spent in this place.
 D = Time resting spent in this place.
 E = Time spent auto-exploring this place.
 F = Levels seen in this place.
 G = Mean time per level.
                   A        B        C        D        E       F      G
               +--------+--------+--------+--------+--------+-----+--------+
         Total |   4452 |   4304 |    148 |    426 |   3038 |   7 |  636.0 |
       Dungeon |   4440 |   4297 |    143 |    426 |   3038 |   6 |  740.0 |
        Temple |     11 |      6 |      5 |      0 |      0 |   1 |   11.0 |
               +--------+--------+--------+--------+--------+-----+--------+

Top non-repeatable levels by time:
     D:5: 1345 daAuts
     D:2: 866 daAuts
     D:1: 812 daAuts
     D:3: 761 daAuts
     D:6: 453 daAuts
     D:4: 200 daAuts
  Temple: 11 daAuts
